Map: Blackpink LE

Players

eGGz

  • Race: Zerg Zerg
  • League: Master
  • Spawn Location: 7:00

Semper - Winner!

  • Race: Terran Terran
  • League: Master
  • Spawn Location: 1:00

VOD

Have the link to the VOD?

Description

Time

  • Played on: Feb. 3, 2018, 4:55 p.m.
  • Length: 7:36
Show
View Real Time Build Order
Export as new Build Order

eGGz Zerg 

Build Orders: Hatch First 

Get SALT Encoding   

  12  0:00  Drone  
  13  0:14  Overlord  
  13  0:17  Drone  
  14  0:32  Drone  
  14  0:33  Drone  
  16  0:38  Drone  
  17  0:54  Hatchery  
  17  0:56  Drone  
  17  1:00  Drone, Extractor  
  17  1:08  Drone  
  18  1:16  Spawning Pool  
  17  1:23  Drone  
  18  1:32  Drone  
  19  1:44  Drone  
  20  1:56  Overlord  
  20  2:05  Queen  
  20  2:06  Zergling x2  
  20  2:07  Queen, Metabolic Boost  
  25  2:16  Drone  
  25  2:17  Drone  
  25  2:19  Zergling x2  
  28  2:27  Drone  
  28  2:30  Drone  
  29  2:39  Drone  
  29  2:43  Drone  
  29  2:44  Queen, Pneumatized Carapace  
  32  2:54  Overlord  
  32  2:57  Evolution Chamber  
  31  3:00  Drone  
  31  3:10  Zergling x6  
  34  3:17  Zergling x8  
  34  3:18  Zergling x2  
  39  3:25  Zergling x6  
  43  3:34  Zergling x2  
  43  3:42  Overlord  
  43  3:43  Extractor  
  43  3:44  Zergling x2  
  43  3:45  Extractor, Zergling x2  
  44  4:05  Zergling x8  
  44  4:09  Zergling x2  
  45  4:12  Queen  
  45  4:15  Hatchery  
  46  4:20  Zergling x4  
  44  4:37  Zergling x6  
  44  4:52  Zergling x6  
  37  5:00  Drone  
  38  5:10  Drone x2  
  38  5:13  Drone  
  39  5:14  Queen  
  39  5:21  Drone  
  37  5:22  Queen  
  37  5:24  Roach Warren  
  37  5:26  Zerg Ground Armor Level 1  
  38  5:28  Queen  
  38  5:30  Drone x3  
  38  5:34  Spore Crawler  
  42  5:36  Spore Crawler  
  42  5:38  Drone x2  
  43  5:44  Drone  
  43  5:47  Drone x3  
  47  5:50  Spore Crawler  
  47  5:56  Drone x4  
  50  6:00  Overlord  
  50  6:02  Spore Crawler  
  50  6:03  Extractor  
  48  6:09  Drone  
  51  6:12  Overlord  
  51  6:16  Overlord  
  50  6:21  Drone  
  50  6:22  Drone x5  
  50  6:25  Extractor x2  
  55  6:30  Drone  
  54  6:34  Zergling x4  
  54  6:39  Roach  
  58  6:49  Overlord  
  58  6:50  Roach, Zergling x2  
  58  6:51  Zergling x6  
  63  6:54  Roach  
  63  6:55  Zergling x6  
  70  7:01  Roach x2  
Show
View Real Time Build Order
Export as new Build Order

Semper Terran - Winner!

Build Orders: Reaper Expand, Hellion Banshee 

Get SALT Encoding   

  12  0:00  SCV  
  13  0:12  SCV  
  14  0:17  Supply Depot  
  14  0:25  SCV  
  15  0:39  SCV  
  15  0:40  Barracks  
  16  0:44  Refinery  
  16  0:51  SCV  
  17  1:03  SCV  
  18  1:15  SCV  
  19  1:27  Reaper, Orbital Command  
  20  1:40  Command Center  
  20  1:50  Supply Depot  
  20  1:52  SCV  
  21  1:59  Marine  
  22  2:06  Factory  
  22  2:08  SCV  
  23  2:18  Refinery  
  23  2:23  Barracks Reactor  
  23  2:25  SCV  
  24  2:40  SCV  
  25  2:51  Starport  
  25  2:52  Orbital Command  
  25  2:54  SCV  
  26  3:06  SCV, Hellion  
  26  3:07  Hellion, Barracks Tech Lab  
  31  3:18  SCV  
  31  3:19  SCV  
  33  3:26  Supply Depot  
  33  3:28  Hellion x2  
  33  3:30  SCV  
  38  3:37  Banshee  
  38  3:38  Bunker  
  38  3:41  Cloaking Field  
  40  3:52  Cyclone  
  40  3:53  Hellion, Marine  
  46  3:56  SCV  
  40  4:11  Marine  
  40  4:13  Supply Depot  
  40  4:14  Cyclone, SCV  
  45  4:30  Hellion  
  45  4:32  SCV  
  45  4:33  Banshee  
  45  4:36  SCV  
  44  4:44  SCV  
  42  4:48  SCV, Marine  
  43  4:56  SCV  
  43  4:58  Hellion  
  43  5:00  SCV  
  44  5:08  SCV  
  44  5:11  Hellion  
  44  5:12  SCV  
  46  5:20  SCV, Banshee  
  50  5:24  SCV  
  51  5:29  Hellion  
  51  5:32  SCV  
  54  5:36  SCV  
  54  5:37  Supply Depot  
  54  5:41  Supply Depot  
  55  5:45  Armory  
  55  5:49  Hellion  
  57  5:53  SCV  
  57  5:56  SCV  
  59  6:13  SCV x2  
  59  6:17  Command Center  
  61  6:19  Hellion  
  61  6:20  Supply Depot, Hellion  
  61  6:22  Barracks Tech Lab  
  65  6:28  SCV  
  65  6:29  SCV  
  67  6:40  SCV  
  67  6:42  Marine  
  67  6:45  Starport Reactor  
  67  6:46  Barracks  
  69  6:48  Engineering Bay  
  69  6:51  SCV, Barracks  
  70  7:03  SCV  
Tags
 
Add a new tag
Caveats
  • Supply blocks, unpowered buildings, or Contaminate may cause inaccurate times.
  • Supply counts are checked every 10 seconds.